 Dungeon Crawl Stone Soup version 0.26-a0-1131-g5f66e2dd50 (webtiles) character file.

Game seed: 8298852616422749871

197 Bapho the Slasher (level 5, -1/47 HPs)
             Began as a Draconian Monk on Dec 19, 2020.
             Slain by Grinder (4 damage)
             ... on level 3 of the Dungeon.
             The game lasted 00:04:49 (2925 turns).

Bapho the Slasher (Draconian Monk)                  Turns: 2925, Time: 00:04:50

Health: -1/47      AC:  5    Str: 13    XL:     5   Next: 46%
Magic:  5/5        EV: 13    Int: 12    God:
Gold:   189        SH:  0    Dex: 13    Spells: 4/4 levels left

rFire    . . .     SeeInvis .   a - +0 falchion
rCold    . . .     Faith    .   (no shield)
rNeg     . . .     Spirit   .   (armour unavailable)
rPois    .         Reflect  .   (helmet restricted)
rElec    .         Harm     .   (no cloak)
rCorr    .         Rampage  .   (no gloves)
Will     .....                  (no boots)
Stlth    ++........             (no amulet)
HPRegen  0.15/turn              (no ring)
MPRegen  0.09/turn              (no ring)

@: flying, very slightly contaminated, invisible
A: unfitting armour, cold-blooded, AC +5
a: no special abilities


You were on level 3 of the Dungeon.
You visited 1 branch of the dungeon, and saw 3 of its levels.

You collected 189 gold pieces.

Inventory:

Hand Weapons
 a - a +0 falchion (weapon)
Missiles
 c - 102 stones (quivered)
Jewellery
 l - a +4 ring of evasion
Scrolls
 b - a scroll of fear {unknown}
 d - 3 scrolls of identify {unknown}
 e - 5 scrolls of magic mapping {unknown}
 f - a scroll of random uselessness {unknown}
 g - a scroll of fog {unknown}
 h - a scroll of remove curse {unknown}
 i - a scroll of immolation {unknown}
 j - a scroll of amnesia {unknown}
Potions
 k - a potion of flight


   Skills:
 + Level 4.4 Fighting
 * Level 4.9 Long Blades
 + Level 3.6 Dodging
 - Level 1.7 Stealth


You had 4 spell levels left.
You didn't know any spells.
Your spell library was empty.

Dungeon Overview and Level Annotations

Branches:
Dungeon (3/15)

Altars:
Gozag
Hepliaklqana

Annotations:
D:3 Grinder


Innate Abilities, Weirdness & Mutations

Your plain brown scales are hard. (AC +5)
You cannot fit into any form of body armour.
You are cold-blooded and may be slowed by cold attacks.


Message History

Grinder hits you!
You writhe in agony.
* * * LOW HITPOINT WARNING * * *
You barely miss Grinder.
Grinder is lightly wounded.
Grinder gestures at you.
You barely resist.
Grinder says, "I used to sell toenails on the black market."
Grinder hits you.
* * * LOW HITPOINT WARNING * * *
Grinder blinks!
Grinder blinks!
Grinder hits you.
* * * LOW HITPOINT WARNING * * *
You writhe in agony.
* * * LOW HITPOINT WARNING * * *
Grinder hits you but does no damage. Grinder hits you but does no damage.
Grinder hits you.
* * * LOW HITPOINT WARNING * * *
You writhe in agony.
You die...

..#........####.#..†.## #....#
...........##..........##....#
.......................##....#
..[....................#.....#
..#..........#..#............#
#.##...!....###.#....##......#
#. #.......####.....###.#....#
............#.....###.#....#
.####.##.##...@.#.##..######
##.##(#....5....#.## #######
.. .(.....#.#....####......
#.##.##.#..................
##.......###.##.............
.......#####.###...###......
#....(...........# #######
#.....(######....### #......
##..##


You could see Grinder (fast).

Vanquished Creatures
  The ghost of spacewizard the Conjurer, an amateur OpCj (D:2)
  3 adders (D:2)
  A gnoll (D:1)
  3 oozes
  3 worms
  A dart slug (D:1)
  2 leopard geckos (D:1)
  An orc (D:3)
  2 giant cockroaches (D:2)
  10 hobgoblins
  13 kobolds
  A quokka (D:2)
  A ball python (D:1)
  6 bats
  A frilled lizard (D:1)
  A giant cockroach zombie (D:3)
  9 goblins
  8 rats
67 creatures vanquished.

Notes
Turn   | Place    | Note
-------+----------+-------------------------------------------
     0 | D:1      | Bapho the Draconian Monk began the quest for the Orb.
     0 | D:1      | Reached XP level 1. HP: 19/19 MP: 1/1
   313 | D:1      | Reached XP level 2. HP: 24/26 MP: 2/2
   938 | D:1      | Reached XP level 3. HP: 33/33 MP: 3/3
  1168 | D:2      | Found an opulent altar of Gozag.
  1426 | D:2      | Reached XP level 4. HP: 19/40 MP: 4/4
  1829 | D:2      | Found a hazy altar of Hepliaklqana.
  2375 | D:3      | Found a runed translucent gate.
  2375 | D:3      | Found a runed translucent gate.
  2375 | D:3      | Found a runed translucent gate.
  2375 | D:3      | Found an opulent altar of Gozag.
  2393 | D:3      | Noticed spacewizard's ghost (amateur OpCj)
  2418 | D:2      | HP: 2/40 [spacewizard's ghost/magic dart (8)]
  2419 | D:2      | Killed spacewizard's ghost
  2420 | D:2      | Reached XP level 5. HP: 3/47 MP: 5/5
  2899 | D:3      | Noticed Grinder
  2925 | D:3      | Slain by Grinder

Illustrated notes

Levels and vault maps discovered:
D:1:      scummos_arrival_star, layout_loops_ring, minivault_24, minmay_unequal
D:2:      layout_basic, lemuel_doored_altar, grunt_gozag_statues,
          kennysheep_doodads, minmay_misc_feat_enclosed,
          kennysheep_generic_room_3
D:3:      layout_rooms, ebering_ghost_gozag, uniq_grinder

Skill      XL: |  1  2  3  4 |
---------------+-------------+-----
Dodging        | 3 |  3.6
Long Blades    | 4 |  4.9
Fighting       | 4 |  4.4
Stealth        | |  1.7

Action                   |  1- 3 |  4- 6 || total
-------------------------+-------+-------++-------
Melee: Falchion          |   115 |   104 ||   219
       Tailslap          |    15 |    11 ||    26
Throw: Stone             |    82 |    53 ||   135
  Use: Potion            |       |     5 ||     5
 Stab: Sleeping          |     1 |       ||     1
Armor: Skin              |    16 |    25 ||    41
Dodge: Dodged            |    63 |    70 ||   133
       Rpst.: Falchion   |    23 |    19 ||    42

Table legend: (Time is in decaauts)
 A = Elapsed time spent in this place.
 B = Non-inter-level travel time spent in this place.
 C = Inter-level travel time spent in this place.
 D = Time resting spent in this place.
 E = Time spent auto-exploring this place.
 F = Levels seen in this place.
 G = Mean time per level.
                   A        B        C        D        E       F      G
               +--------+--------+--------+--------+--------+-----+--------+
         Total |   2962 |   2915 |     47 |    410 |   1951 |   3 |  987.3 |
       Dungeon |   2962 |   2915 |     47 |    410 |   1951 |   3 |  987.3 |
               +--------+--------+--------+--------+--------+-----+--------+

Top non-repeatable levels by time:
     D:2: 1521 daAuts
     D:1: 1123 daAuts
     D:3: 317 daAuts
